 Dungeon Crawl Stone Soup version 0.22.1-1-ga44c0e5 (webtiles) character file.

119 Lavandula the Chopper (level 4, 0/38 HPs)
             Began as a Centaur Berserker on Nov 11, 2018.
             Was a Believer of Trog.
             Slain by a goblin (5 damage)
             ... led by Robin
             ... on level 2 of the Dungeon.
             The game lasted 00:03:09 (521 turns).

Lavandula the Chopper (Centaur Berserker)            Turns: 521, Time: 00:03:10

Health: 0/38       AC:  4    Str: 20    XL:     4   Next: 74%
Magic:  4/4        EV:  9    Int:  6    God:    Trog [**....]
Gold:   130        SH:  0    Dex:  9    Spells: 3/3 levels left

rFire    . . .     SeeInvis .   a - +0 hand axe
rCold    . . .     Gourm    .   (no shield)
rNeg     . . .     Faith    .   b - +0 animal skin
rPois    .         Spirit   .   (no helmet)
rElec    .         Reflect  .   (no cloak)
rCorr    .         Harm     .   (no gloves)
MR       .....                  (no barding)
Stlth    +.........             (no amulet)
HPRegen  0.12/turn              (no ring)
MPRegen  0.09/turn              (no ring)

@: lethally poisoned (0 -> -33), berserk cooldown, slowed
A: large, hooves 3, deformed body, speed 2, tough skin 3
a: Berserk, Trog's Hand, Renounce Religion


You were on level 2 of the Dungeon.
You worshipped Trog.
Trog was pleased with you.
You were very hungry.

You visited 1 branch of the dungeon, and saw 4 of its levels.

You collected 130 gold pieces.

Inventory:

Hand Weapons
 a - a +0 hand axe (weapon)
Missiles
 l - 3 tomahawks (quivered)
Armour
 b - a +0 animal skin (worn)
Scrolls
 d - 4 scrolls of identify {unknown}
 e - 2 scrolls of random uselessness {unknown}
 h - a scroll of remove curse {unknown}
 i - a scroll of magic mapping {unknown}
 k - a scroll of noise {unknown}
Potions
 f - 2 potions of flight {unknown}
 g - 2 potions of heal wounds {unknown}
 m - a potion of lignification {unknown}
Comestibles
 c - 3 rations
 j - a chunk of flesh


   Skills:
 - Level 3.0 Fighting
 + Level 5.0 Axes
 - Level 1.3 Armour
 - Level 1.3 Dodging


You had 3 spell levels left.
You didn't know any spells.
Your spell library was empty.

Dungeon Overview and Level Annotations

Branches:
Dungeon (4/15)
 Temple: D:4-7

Altars:
Nemelex Xobeh
Qazlal


Innate Abilities, Weirdness & Mutations

You have hooves in place of feet.
Armour fits poorly on your strangely shaped body.
You cover ground very quickly.
You have extremely tough skin. (AC +3)


Message History

* * * LOW HITPOINT WARNING * * *
You completely miss the goblin. Your kick misses the goblin.
* * * LOW HITPOINT WARNING * * *
You feel sick. The goblin hits you but does no damage.
You are more poisoned.
Unknown command.
You slash the goblin!
You kill the goblin!
Trog accepts your kill.
You are no longer berserk.
You are exhausted.
You feel yourself slow down.
* * * LOW HITPOINT WARNING * * *
You feel sick.
* * * LOW HITPOINT WARNING * * *
You feel very sick. The hobgoblin misses you.
The goblin hits you but does no damage.
You are more poisoned.
The goblin hits you.
You die...

#.# #.# ##
#.# .. #.#
.# #.# .#
#.# .# #.#
.#
#.###g######
#.).@g......
#####g#####.
.# .. ###


You could see a hobgoblin and 2 goblins.

Vanquished Creatures
  A bullfrog skeleton (D:3)
  Robin (D:2)
  4 adders
  A worm (D:3)
  3 leopard geckos (D:3)
  3 orcs (D:3)
  A giant cockroach (D:2)
  7 goblins
  6 hobgoblins
  3 kobolds
  2 quokkas
  2 bats (D:3)
  A frilled lizard (D:3)
35 creatures vanquished.

Notes
Turn   | Place    | Note
-------+----------+-------------------------------------------
     0 | D:1      | Lavandula the Centaur Berserker began the quest for the
                  | Orb.
     0 | D:1      | Reached XP level 1. HP: 19/19 MP: 1/1
   109 | D:2      | Reached skill level 3 in Axes
   149 | D:3      | Reached XP level 2. HP: 26/26 MP: 2/2
   200 | D:3      | Reached XP level 3. HP: 31/31 MP: 3/3
   222 | D:3      | Found a stormy altar of Qazlal.
   223 | D:3      | Noticed an earth elemental
   225 | D:3      | Noticed a water elemental
   225 | D:3      | Noticed a fire elemental
   225 | D:3      | Noticed an air elemental
   279 | D:2      | Reached skill level 4 in Axes
   345 | D:3      | Reached XP level 4. HP: 38/38 MP: 4/4
   402 | D:3      | Found a sparkling altar of Nemelex Xobeh.
   411 | D:3      | Reached ** piety under Trog
   495 | D:2      | Noticed Robin
   512 | D:2      | Killed Robin
   512 | D:2      | Reached skill level 5 in Axes
   521 | D:2      | Slain by a goblin

Skill      XL: |  1  2  3  4 |
---------------+-------------+-----
Axes           | 3 4 5 |  5.0
Fighting       | |  3.0
Armour         | |  1.3
Dodging        | |  1.3

Action                   |  1- 3 |  4- 6 || total
-------------------------+-------+-------++-------
Melee: Hand axe          |    39 |    34 ||    73
       Kick              |     9 |     3 ||    12
Invok: Berserk           |     3 |     2 ||     5
  Eat: Chunk             |       |     2 ||     2
Armor: Animal skin       |    14 |    17 ||    31
Dodge: Dodged            |    15 |    27 ||    42
